 Dungeon Crawl Stone Soup version 0.27.1-33-g824d729ab1 (webtiles) character file.

Game seed: 6608459164182319069

255 Kaiern the Digger (level 6, -5/36 HPs)
             Began as a Gargoyle Earth Elementalist on Dec 11, 2021.
             Slain by Duvessa (13 damage)
             ... on level 4 of the Dungeon on Dec 12, 2021.
             The game lasted 00:17:11 (3961 turns).

Kaiern the Digger (Gargoyle Earth Elementalist)     Turns: 3961, Time: 00:17:11

Health: -5/36      AC:  6    Str: 13    XL:     6   Next: 15%
Magic:  1/10       EV: 11    Int: 16    God:
Gold:   115        SH:  5    Dex: 10    Spells: 5/11 levels left

rFire    + . .     SeeInvis .   a - +0 spear
rCold    + . .     Faith    .   (no shield)
rNeg     + . .     Spirit   .   b - +0 robe
rPois    ∞         Reflect  +   (no helmet)
rElec    +         Harm     .   f - scarf {rC+ rF+}
rCorr    .         Rampage  .   (no gloves)
Will     ++...                  (no boots)
Stlth    ++........             m - amulet of reflection
HPRegen  0.12/turn              d - ring of willpower
MPRegen  0.12/turn              k - ring of willpower

@: no status effects
A: sickness immunity, AC +4, negative energy resistance 1, electricity
resistance, torment resistance 1, petrification resistance
a: no special abilities


You were on level 4 of the Dungeon.
You visited 1 branch of the dungeon, and saw 4 of its levels.

You collected 115 gold pieces.

Inventory:

Hand Weapons
 a - a +0 spear (weapon)
Missiles
 c - 105 stones
Armour
 b - a +0 robe (worn)
 f - a scarf of resistance (worn)
Jewellery
 d - a ring of willpower (left hand)
 k - a ring of willpower (right hand)
 m - an amulet of reflection (around neck)
Wands
 r - a wand of polymorph (6)
Scrolls
 g - 2 scrolls of blinking
 h - 2 scrolls of teleportation
 i - a scroll of identify
 n - a scroll of amnesia {unknown}
 o - a scroll of noise {unknown}
 p - a scroll of fear {unknown}
 q - a scroll of enchant armour {unknown}
Potions
 e - a potion of mutation {unknown}
 l - a potion of berserk rage {unknown}
 s - 2 potions of flight
 t - 2 potions of brilliance {unknown}


   Skills:
 + Level 2.5 Fighting
 + Level 2.6 Armour
 - Level 1.5 Dodging
 - Level 2.1 Stealth
 + Level 3.1 Spellcasting
 + Level 0.8 Conjurations
 - Level 2.0 Transmutations
 + Level 4.8 Earth Magic


You had 5 spell levels left.
You knew the following spells:

 Your Spells              Type           Power      Damage    Failure   Level
a - Sandblast             Erth           34%        2d9       2%          1
b - Stone Arrow           Conj/Erth      22%        3d8       17%         3
c - Passwall              Tmut/Erth      10%        N/A       7%          2

Your spell library contained the following spells:

 Spells                   Type           Power      Damage    Failure   Level
 Ignite Poison            Fire/Tmut/Pois 4%         N/A       38%         3
 Petrify                  Tmut/Erth      13%        N/A       41%         4
 Conjure Flame            Conj/Fire      3%         6-21      43%         3
 Sticky Flame             Conj/Fire      3%         2d3       83%         4


Dungeon Overview and Level Annotations

Branches:
Dungeon (4/15)
 Temple: D:4-7

Altars:

Annotations:
D:2 Ijyb
D:3 1 runed translucent door, Crazy Yiuf
D:4 Duvessa


Innate Abilities, Weirdness & Mutations

You are immune to sickness and miasma.
Your stone body is resilient. (AC +4)
You are immune to poison.
You resist negative energy. (rN+)
You are resistant to electric shocks. (rElec)
You are resistant to unholy torment.
You are immune to petrification.


Message History

Dowan is almost dead.
Dowan completely misses you.
Aiming: Sandblast (safe; 2% risk of failure)
Press: ? - help, Q - select action, (/) - cycle Shift-Dir - straight line, f/p - Dowan
Aim: Dowan, wielding a +0 dagger and wearing a +0 robe (almost dead, 71% to hit)
The blast of sand hits Dowan but does no damage.
Dowan is almost dead.
Dowan casts a spell at something.
Aiming: Sandblast (safe; 2% risk of failure)
Press: ? - help, Q - select action, (/) - cycle Shift-Dir - straight line, f/p - Dowan
Aim: Dowan, wielding a +0 dagger and wearing a +0 robe (almost dead, 71% to hit)
The blast of sand hits Dowan.
You kill Dowan!
You hear a distant scream of rage.
You have reached level 6!
Your experience leads to an increase in your attributes!
Increase (S)trength, (I)ntelligence, or (D)exterity?
You feel stronger.
Duvessa goes berserk!
Duvessa rages.
You block Duvessa's attack. Duvessa barely misses you.
Aiming: Sandblast (safe; 2% risk of failure)
Press: ? - help, Q - select action, (/) - cycle Shift-Dir - straight line, f - Duvessa
Aim: Duvessa, wielding a +1 short sword of protection and wearing a +0 leather armour (berserk, fast, 82% to hit)
The blast of sand hits Duvessa but does no damage.
Duvessa hits you with a +1 short sword of protection.
Casting: Sandblast (safe; 2% risk of failure)
Confirm with . or Enter, or press ? or * to list all spells.
You don't have enough magic to cast this spell.
Aiming: Sandblast (safe; 2% risk of failure)
Press: ? - help, Q - select action, (/) - cycle Shift-Dir - straight line, f/p - Duvessa
Aim: Duvessa, wielding a +1 short sword of protection and wearing a +0 leather armour (berserk, fast, 82% to hit)
The blast of sand misses Duvessa.
Duvessa misses you.
Duvessa hits you with a +1 short sword of protection!
Duvessa hits you with a +1 short sword of protection!
* * * LOW HITPOINT WARNING * * *
Duvessa hits you with a +1 short sword of protection!
You die...

,,^,,,,,** *,* *,,,*,,**
**,,,***,******,*********,,,,,,,*
*,^,##,***,,,,,,,,,**,,,,,,,,,,,,
^,**#<,###,****,,,,**,***,*,*,,,,
^** #..#..,* *,,,,**,* *,*,,,,,*
** #..#.##########**,* *,*,,,,,*
#....)........# *,***,*,,,,,*
#..#.########e# *,,,,,,,,>,,,
#,,#........@.####********,,*
*,,#................,,,,,,,,*
*****,,#e.....<#########******,,*
,,,,,,,#..............,,,,,,,,,,*
******,#.#############*,**,***,,*
,,,,,,....,,* *,,,,,,,,,,,***
*****#.#.#*,* *,***,**,**,***
,,,,,....**,* *,* *,,,,,,,,,*
******,*,,,,*******,* ****,******


You could see Duvessa (berserk, fast).

Vanquished Creatures
  A phantom (D:3)
  Dowan (D:4)
  Robin (D:3)
  3 adders
  2 worms
  A dart slug (D:2)
  3 orcs (D:2)
  4 bats
  5 endoplasms
  3 giant cockroaches (D:1)
  19 goblins
  10 hobgoblins
  7 jackals
  3 quokkas
  4 ball pythons
  2 frilled lizards (D:3)
  4 kobolds
  7 rats
80 creatures vanquished.

Vanquished Creatures (others)
  A plant (D:2)
1 creature vanquished.

Grand Total: 81 creatures vanquished

Notes
Turn   | Place    | Note
-------+----------+-------------------------------------------
     0 | D:1      | Kaiern the Gargoyle Earth Elementalist began the quest for
                  | the Orb.
     0 | D:1      | Reached XP level 1. HP: 10/10 MP: 3/3
   362 | D:1      | Reached skill level 1 in Transmutations
   362 | D:1      | Reached XP level 2. HP: 16/16 MP: 3/5
   709 | D:1      | Reached skill level 1 in Armour
  1034 | D:2      | Reached skill level 1 in Fighting
  1113 | D:2      | Reached XP level 3. HP: 20/20 MP: 4/6
  1244 | D:2      | Reached skill level 4 in Earth Magic
  1653 | D:2      | Reached XP level 4. HP: 25/25 MP: 5/7
  1732 | D:2      | Found a faded altar of an unknown god.
  2039 | D:2      | Learned a level 3 spell: Stone Arrow
  2042 | D:2      | Learned a level 2 spell: Passwall
  2604 | D:3      | Noticed a phantom
  2618 | D:3      | Killed a phantom
  2619 | D:3      | Reached XP level 5. HP: 30/30 MP: 1/9
  2817 | D:3      | Noticed Ijyb
  3348 | D:3      | Noticed Robin
  3363 | D:3      | Killed Robin
  3649 | D:3      | Found a runed translucent door.
  3650 | D:3      | Noticed Crazy Yiuf
  3940 | D:4      | Noticed Dowan
  3945 | D:4      | Noticed Duvessa
  3951 | D:4      | Killed Dowan
  3952 | D:4      | Reached XP level 6. HP: 34/36 MP: 2/10
  3961 | D:4      | Slain by Duvessa

Illustrated notes

Levels and vault maps discovered:
D:1:      elethiomel_arrival_maze, layout_basic, glass_columns_a,
          chequers_serial_rivers_room_a
D:2:      kb_forest_paths, layout_basic, serial_aquarium, aquarium_bridge_square
          [aquarium_subvault_bridge, aquarium_subvault_wall,
          aquarium_subvault_bridge, aquarium_subvault_bridge],
          aquarium_bridge_straight [aquarium_subvault_bridge,
          aquarium_subvault_wall, aquarium_subvault_bridge,
          aquarium_subvault_window], aquarium_window_fake,
          aquarium_window_corridor_3, aquarium_window_fake, aquarium_window_2,
          aquarium_view_2d, aquarium_view_2e, shapermc_ecumenical_altar_petra,
          guppyfry_early_orc_mine
D:3:      kennysheep_the_goblin_king, layout_rooms, uniq_ijyb, uniq_robin,
          uniq_crazy_yiuf_cottage
D:4:      old_forge, layout_basic, palyth_temple_overflow_mages,
          lemuel_crystal_altar, uniq_menkaure, uniq_duvessa, uniq_blork_the_orc

Skill      XL: |  1  2  3  4  5 |
---------------+----------------+-----
Transmutations | 1 2 |  2.0
Armour         | 1 2 |  2.6
Fighting       | 1 2 |  2.5
Earth Magic    | 4 |  4.8
Spellcasting   | 3 |  3.1
Dodging        | |  1.5
Stealth        | |  2.1
Conjurations   | |  0.8

Action                   |  1- 3 |  4- 6 || total
-------------------------+-------+-------++-------
Melee: Spear             |    37 |    39 ||    76
 Cast: Sandblast         |    31 |    76 ||   107
  Use: Scroll            |       |     5 ||     5
 Stab: Sleeping          |     2 |       ||     2
Armor: Robe              |    14 |    10 ||    24
Dodge: Dodged            |    14 |    22 ||    36
Block: Other             |       |    12 ||    12
       Reflection        |       |     2 ||     2
